 Dungeon Crawl Stone Soup version 0.25-a0-1130-g3926558f3a (webtiles) character file.

Game seed: 3511233684053037898, levelgen mode: deterministic

67 MisterFreud the Shield-Bearer (level 4, 0/41 HPs)
             Began as a Gnoll Fighter on May 19, 2020.
             Slain by Crazy Yiuf
             ... wielding a +2 quarterstaff of chaos
              (8 damage)
             ... on level 2 of the Dungeon.
             The game lasted 00:01:25 (1333 turns).

MisterFreud the Shield-Bearer (Gnoll Fighter)       Turns: 1333, Time: 00:01:25

Health: 0/41       AC:  7    Str: 18    XL:     4   Next: 18%
Magic:  5/5        EV:  8    Int: 12    God:
Gold:   77         SH: 10    Dex: 14    Spells: 5/5 levels left

rFire    . . .     SeeInvis .   i - +3 short sword
rCold    . . .     Gourm    .   c - +0 kite shield
rNeg     . . .     Faith    .   b - +0 scale mail
rPois    .         Spirit   .   (no helmet)
rElec    .         Reflect  .   (no cloak)
rCorr    .         Harm     .   (no gloves)
MR       .....                  (no boots)
Stlth    ..........             (no amulet)
HPRegen  0.13/turn              (no ring)
MPRegen  0.09/turn              (no ring)

@: no status effects
A: distributed training, fangs 1, strong nose
a: no special abilities


You were on level 2 of the Dungeon.
You were not hungry.

You visited 1 branch of the dungeon, and saw 2 of its levels.

You collected 77 gold pieces.

Inventory:

Hand Weapons
 a - a +0 rapier
 i - a +3 short sword (weapon)
Missiles
 j - 106 stones (quivered)
 q - 8 javelins
 r - 13 poisoned darts
Armour
 b - a +0 scale mail (worn)
 c - a +0 kite shield (worn)
Scrolls
 h - 3 scrolls of remove curse {unknown}
 k - a scroll of teleportation {unknown}
 l - 2 scrolls of noise {unknown}
 o - a scroll of identify {unknown}
 p - a scroll of random uselessness {unknown}
Potions
 d - a potion of might
 e - a potion of brilliance {unknown}
 g - a potion of magic {unknown}
 m - a potion of lignification {unknown}
Comestibles
 f - 5 rations


   Skills:
 + Level 6.6 Fighting
 + Level 4.6 Short Blades
 + Level 1.0 Long Blades
 + Level 1.0 Axes
 + Level 1.0 Maces & Flails
 + Level 1.0 Polearms
 + Level 1.0 Staves
 + Level 1.0 Slings
 + Level 1.0 Bows
 + Level 1.0 Crossbows
 + Level 1.0 Throwing
 + Level 6.6 Armour
 + Level 1.0 Dodging
 + Level 1.0 Stealth
 + Level 6.6 Shields
 + Level 1.0 Unarmed Combat
 + Level 1.0 Spellcasting
 + Level 0.8 Conjurations
 + Level 0.8 Hexes
 + Level 0.8 Charms
 + Level 0.8 Summonings
 + Level 0.8 Necromancy
 + Level 0.8 Translocations
 + Level 0.8 Transmutations
 + Level 0.8 Fire Magic
 + Level 0.8 Ice Magic
 + Level 0.8 Air Magic
 + Level 0.8 Earth Magic
 + Level 0.8 Poison Magic
 + Level 1.1 Invocations
 + Level 1.0 Evocations


You had 5 spell levels left.
You didn't know any spells.
Your spell library was empty.

Dungeon Overview and Level Annotations

Branches:
Dungeon (2/15)

Altars:

Annotations:
D:2 Crazy Yiuf


Innate Abilities, Weirdness & Mutations

Your experience applies equally to all skills.
You have very sharp teeth.
Your uncanny sense of smell can sniff out nearby items.


Message History

Crazy Yiuf is moderately wounded.
You block Crazy Yiuf's attack.
You hit Crazy Yiuf.
Crazy Yiuf is heavily wounded.
Crazy Yiuf hits you with a +2 quarterstaff of chaos.
Crazy Yiuf burns you.
You hit Crazy Yiuf.
Crazy Yiuf is severely wounded.
You closely miss Crazy Yiuf. You bite Crazy Yiuf, but do no damage.
Crazy Yiuf is severely wounded.
Crazy Yiuf hits you but does no damage.
You are electrocuted!
* * * LOW HITPOINT WARNING * * *
You closely miss Crazy Yiuf.
Crazy Yiuf is severely wounded.
Crazy Yiuf hits you with a +2 quarterstaff of chaos.
* * * LOW HITPOINT WARNING * * *
You hit Crazy Yiuf but do no damage.
Crazy Yiuf is severely wounded.
Crazy Yiuf hits you with a +2 quarterstaff of chaos!
You die...

#.####....#
#.# ##..##
#.# #....#
######.#
##..)#
####......#
##)##
##....##.###
##.#
......##.#
#)##
##.......#
##.#
##.......#
#@##
##.......###
#g#
...........#
...
##...###<###
#.))# ##...#
### #).)#
.#...#######
#####
...........#
.###########
### ### .#
#.## #.#


You could see Crazy Yiuf.

Vanquished Creatures
  2 oozes
  A worm (D:2)
  5 dart slugs
  A giant cockroach (D:1)
  6 goblins
  5 hobgoblins
  3 jackals (D:2)
  A ball python (D:1)
  12 bats
  3 frilled lizards
  6 kobolds
  3 rats
48 creatures vanquished.

Notes
Turn   | Place    | Note
-------+----------+-------------------------------------------
     0 | D:1      | MisterFreud the Gnoll Fighter began the quest for the Orb.
     0 | D:1      | Reached XP level 1. HP: 23/23 MP: 1/1
   115 | D:1      | Reached XP level 2. HP: 27/29 MP: 2/2
   431 | D:1      | Reached XP level 3. HP: 30/35 MP: 3/3
   794 | D:2      | Reached skill level 1 in Invocations
   865 | D:2      | Reached skill level 1 in Long Blades
   865 | D:2      | Reached skill level 1 in Axes
   865 | D:2      | Reached skill level 1 in Maces & Flails
   865 | D:2      | Reached skill level 1 in Polearms
   865 | D:2      | Reached skill level 1 in Staves
   865 | D:2      | Reached skill level 1 in Slings
   865 | D:2      | Reached skill level 1 in Bows
   865 | D:2      | Reached skill level 1 in Crossbows
   865 | D:2      | Reached skill level 1 in Throwing
   865 | D:2      | Reached skill level 1 in Dodging
   865 | D:2      | Reached skill level 1 in Stealth
   865 | D:2      | Reached skill level 1 in Unarmed Combat
   865 | D:2      | Reached skill level 1 in Spellcasting
   865 | D:2      | Reached skill level 1 in Evocations
   952 | D:2      | Reached XP level 4. HP: 41/41 MP: 5/5
  1319 | D:2      | Found a runed translucent door.
  1320 | D:2      | Noticed Crazy Yiuf
  1333 | D:2      | Slain by Crazy Yiuf

Illustrated notes

Levels and vault maps discovered:
D:1:      tarquinn_simple_flora_water_f, layout_rooms
D:2:      minmay_evil_eye, layout_basic, roderic_lattice_a,
          uniq_crazy_yiuf_cottage, uniq_sigmund

Skill      XL: |  1  2  3 |
---------------+----------+-----
Invocations    | 1 |  1.1
Long Blades    | 1 |  1.0
Axes           | 1 |  1.0
Maces & Flails | 1 |  1.0
Polearms       | 1 |  1.0
Staves         | 1 |  1.0
Slings         | 1 |  1.0
Bows           | 1 |  1.0
Crossbows      | 1 |  1.0
Throwing       | 1 |  1.0
Dodging        | 1 |  1.0
Stealth        | 1 |  1.0
Unarmed Combat | 1 |  1.0
Spellcasting   | 1 |  1.0
Evocations     | 1 |  1.0
Fighting       | |  6.6
Short Blades   | |  4.6
Armour         | |  6.6
Shields        | |  6.6
Conjurations   | |  0.8
Hexes          | |  0.8
Charms         | |  0.8
Summonings     | |  0.8
Necromancy     | |  0.8
Translocations | |  0.8
Transmutations | |  0.8
Fire Magic     | |  0.8
Ice Magic      | |  0.8
Air Magic      | |  0.8
Earth Magic    | |  0.8
Poison Magic   | |  0.8

Action                   |  1- 3 |  4- 6 || total
-------------------------+-------+-------++-------
Melee: Rapier            |    38 |       ||    38
       Bite              |     7 |     3 ||    10
       Short sword       |    76 |    25 ||   101
  Eat: Chunk             |       |     1 ||     1
Armor: Scale mail        |    47 |     3 ||    50
Dodge: Dodged            |    32 |     8 ||    40
Block: Kite shield       |    69 |    17 ||    86

Table legend:
 A = Non-vault XP
 B = Vault XP
 C = Vault XP percentage of total XP
 D = Non-vault monster count
 E = Vault monster count
 F = Vault count percentage of total count
                 A         B        C        D         E       F
            +---------+---------+-------+---------+---------+-------
      Total |      93 |       4 |   4.1 |      45 |       3 |   6.2
            +---------+---------+-------+---------+---------+-------
        D:1 |      49 |       0 |   0.0 |      22 |       0 |   0.0
        D:2 |      44 |       4 |   8.3 |      23 |       3 |  11.5
            +---------+---------+-------+---------+---------+-------
